 Dungeon Crawl Stone Soup version 0.28.0-53-g5a82cb258f (webtiles) character file.

Game seed: 12290663150748899162

4775 Peloso the Carver (level 10, -15/88 HPs)
             Began as a Minotaur Fighter on July 16, 2022.
             Was a Believer of Okawaru.
             Killed from afar by a gargoyle (19 damage)
             ... with a stone arrow
             ... on level 7 of the Dungeon.
             The game lasted 00:10:51 (6956 turns).

Peloso the Carver (Minotaur Fighter)                Turns: 6956, Time: 00:10:51

Health: -15/88     AC:  8    Str: 31    XL:     10   Next: 23%
Magic:  10/10      EV: 12    Int:  3    God:    Okawaru [**....]
Gold:   315        SH:  5    Dex: 14    Spells: 9/9 levels left

rFire   . . .      SeeInvis .   a - +0 long sword
rCold   . . .      Faith    .   c - +0 buckler
rNeg    . . .      Spirit   .   b - +0 ring mail "Ylug" {Str+7 Int-2 Dex+3 Slay+2}
rPois   +          Reflect  .   (helmet restricted)
rElec   .          Harm     .   (no cloak)
rCorr   .          Rampage  .   (no gloves)
Will    .....                   y - +0 pair of boots
Stlth   +.........              (no amulet)
HPRegen 0.24/turn               s - ring of poison resistance
MPRegen 0.12/turn               (no ring)

@: no status effects
A: horns 2, retaliatory headbutt, high MP 1
a: Renounce Religion, Heroism


You were on level 7 of the Dungeon.
You worshipped Okawaru.
Okawaru was pleased with you.
You visited 2 branches of the dungeon, and saw 8 of its levels.

You collected 360 gold pieces.
You spent 45 gold pieces at shops.

Inventory:

Hand Weapons
 a - a +0 long sword (weapon)
Missiles
 v - a throwing net (quivered)
Armour
 b - the +0 ring mail "Ylug" (worn) {Str+7 Int-2 Dex+3 Slay+2}
   (You found it on level 2 of the Dungeon)

   Str:       It affects your strength (+7).
   Int:       It affects your intelligence (-2).
   Dex:       It affects your dexterity (+3).
   Slay:      It affects your accuracy & damage with ranged weapons and melee
   (+2).
 c - a +0 buckler (worn)
 t - the +2 chain mail of Philately {Str+3}
   (You found it on level 5 of the Dungeon)

   Str:       It affects your strength (+3).
 y - a +0 pair of boots (worn)
Jewellery
 s - a ring of poison resistance (left hand)
Wands
 o - a wand of flame (47)
Scrolls
 e - 2 scrolls of enchant armour {unknown}
 g - 3 scrolls of magic mapping
 j - 2 scrolls of noise {unknown}
 k - 3 scrolls of fear {unknown}
 n - 3 scrolls of identify
 q - 2 scrolls of brand weapon {unknown}
 u - a scroll of teleportation
 w - a scroll of amnesia
 x - a scroll of fog
Potions
 d - 4 potions of might
 f - 2 potions of mutation
 h - 7 potions of curing
 i - a potion of heal wounds
 l - 3 potions of magic
 m - a potion of degeneration
 p - 3 potions of flight
 r - 2 potions of berserk rage
 z - a potion of brilliance {unknown}
 A - 2 potions of invisibility {unknown}


   Skills:
 + Level 7.8 Fighting
 + Level 11.7 Long Blades
 + Level 8.8 Armour
 + Level 4.5 Dodging
 + Level 1.8 Stealth
 + Level 6.5 Shields
 + Level 2.7 Evocations


You had 9 spell levels left.
You didn't know any spells.
Your spell library contained the following spells:

 Spells                   Type           Power      Damage    Failure   Level
 Sting                    Tmut/Pois      0%         1d3       71%         1
 Poisonous Vapours        Pois/Air       0%         N/A       83%         2
 Olgreb's Toxic Radiance  Pois           0%         N/A       100%        4


Dungeon Overview and Level Annotations

Branches:
Dungeon (7/15)             Temple (1/1) D:7

Altars:
Ashenzari
Cheibriados
Dithmenos
Elyvilon
Fedhas
Nemelex Xobeh
Okawaru
Qazlal
Xom
The Shining One
Lugonu

Shops:
D:2 ?   D:5 (

Annotations:
D:3 3 runed translucent doors, crawlogic's ghost, amateur HOFi


Innate Abilities, Weirdness & Mutations

You have a pair of horns on your head.
You reflexively headbutt those who attack you in melee.
You have an increased reservoir of magic. (+10% MP)


Message History

Unknown command.
You hit something. Something hits you but does no damage.
The gargoyle hurls a stone arrow at you.
The stone arrow hits something.
You hit something.
You feel like a meek peon again. Something hits you.
You slash something! Okawaru accepts your kill.
Reactivating autopickup.
You feel a bit more experienced.
A two-headed ogre comes into view. It is wielding two +0 giant clubs.
The two-headed ogre shouts in stereo!
The gargoyle hurls a stone arrow at you.
The stone arrow hits you!
A wraith comes into view.
Items here: $ ( ) [.
You slash the gargoyle!
The gargoyle is heavily damaged.
You hear an angry hiss.
The gargoyle hurls a stone arrow at you.
The stone arrow hits you!
* * * LOW HITPOINT WARNING * * *
You hit the gargoyle.
The gargoyle is heavily damaged.
The gargoyle closely misses you.
You hit the gargoyle but do no damage. You headbutt the gargoyle.
The gargoyle is severely damaged.
The gargoyle hits you with a +0 mace.
* * * LOW HITPOINT WARNING * * *
You hit the gargoyle.
The gargoyle is severely damaged.
The gargoyle hurls a stone arrow at you.
The stone arrow hits you!!
* * * LOW HITPOINT WARNING * * *
Things that are here:
a +0 dire flail; a +0 giant club The gargoyle hurls a stone arrow at you.
The stone arrow hits you!!
You die...

....##..#.#.#..#....#8..# #.###
###)#..#######......#...# #.##
##..#..#.....#†....##...# #..##
......#.......#..#.#....## ##...#
....#..#.....#...###..8#.###.....
....#..#######..#####.⌠.[##......
....##..# #..###.....###.......
.....##... ...###.....##.........
..[...##.....###@#####.##........
.......########)## ##.##......#
.............#9## ##.#.....##
##.##.####...#l# #.#.###.# #.##.#
#...#J..oz8J9 ###.# #.# #.##.#
#...#.#9..C.. #.###.## .. #.#
#...#.##..T9. #..##..# # #.#
#...##. #)[$# ##..##... #.#
#....## #### ##...##.##


You could see a gargoyle and an iguana.

Vanquished Creatures
  A hydra (D:7)
  A two-headed ogre (D:7)
  A cyclops (D:7)
  A troll (D:7)
  Sigmund (D:2)
  A yak (D:7)
  A wyvern (D:6)
  A wraith (D:7)
  Menkaure (D:5)
  4 ice beasts
  A sky beast (D:6)
  2 black bears
  An orc warrior (D:6)
  An ogre (D:6)
  3 phantoms
  A bullfrog (D:5)
  4 scorpions
  5 wights (D:6)
  A howler monkey (D:5)
  A crimson imp (D:4)
  2 hounds
  An orc priest (D:7)
  A gnoll shaman (D:6)
  3 iguanas
  5 centaur skeletons
  5 orc wizards
  6 gnolls
  9 adders
  A white imp (D:6)
  An ufetubus (D:6)
  2 worms (D:2)
  2 dart slugs
  10 orcs
  5 bats
  8 endoplasms
  4 giant cockroaches
  12 goblins
  4 hobgoblins (D:2)
  6 jackals (D:2)
  3 quokkas
  3 training dummies (D:5)
  A ball python (D:1)
  3 frilled lizards (D:2)
  3 goblin skeletons (D:4)
  2 goblin zombies (D:4)
  2 hobgoblin zombies (D:4)
  3 kobolds
  2 orc skeletons (D:4)
  An orc zombie (D:4)
  4 rats
147 creatures vanquished.

Notes
Turn   | Place    | Note
-------+----------+-------------------------------------------
     0 | D:1      | Peloso the Minotaur Fighter began the quest for the Orb.
     0 | D:1      | Reached XP level 1. HP: 19/19 MP: 0/0
    60 | D:1      | Reached XP level 2. HP: 19/27 MP: 1/1
   723 | D:1      | Reached skill level 3 in Long Blades
   977 | D:1      | Reached XP level 3. HP: 30/33 MP: 2/2
  1075 | D:2      | Noticed Sigmund
  1100 | D:2      | Killed Sigmund
  1101 | D:2      | Reached skill level 4 in Long Blades
  1101 | D:2      | Reached XP level 4. HP: 5/41 MP: 3/3
  1101 | D:2      | Reached XP level 5. HP: 6/47 MP: 4/4
  1401 | D:2      | Identified the +0 ring mail "Ylug" {Str+7 Int-2 Dex+3
                  | Slay+2}
  1569 | D:2      | Reached skill level 5 in Long Blades
  1676 | D:2      | Found a snail-covered altar of Cheibriados.
  2120 | D:2      | Found Ramogaidgh's Magic Scroll Boutique.
  2127 | D:2      | Bought a scroll of magic mapping for 45 gold pieces
  2215 | D:3      | Found a runed translucent gate.
  2216 | D:3      | Found a runed translucent gate.
  2216 | D:3      | Found a runed translucent gate.
  2217 | D:3      | Noticed crawlogic's ghost (amateur HOFi)
  2218 | D:3      | Noticed crawlogic's ghost (amateur HOFi)
  2376 | D:3      | Found a sparkling altar of Nemelex Xobeh.
  2526 | D:3      | Found a faded altar of an unknown god.
  2531 | D:3      | Reached XP level 6. HP: 53/53 MP: 5/5
  2911 | D:4      | Reached skill level 6 in Long Blades
  2986 | D:4      | Reached skill level 5 in Armour
  3053 | D:4      | Found a glowing golden altar of the Shining One.
  3060 | D:4      | Reached skill level 1 in Dodging
  3409 | D:5      | Entered Level 5 of the Dungeon
  3424 | D:5      | Noticed an ice beast
  3433 | D:5      | Killed an ice beast
  3434 | D:5      | Reached skill level 1 in Stealth
  3434 | D:5      | Reached XP level 7. HP: 49/60 MP: 6/6
  3502 | D:5      | Reached skill level 5 in Fighting
  3502 | D:5      | Reached skill level 7 in Long Blades
  3508 | D:5      | Noticed Menkaure
  3540 | D:5      | Gained mutation: You have an increased reservoir of magic.
                  | (+10% MP) [potion of mutation]
  3544 | D:5      | Killed Menkaure
  3980 | D:5      | Identified the +2 chain mail of Philately {Str+3}
  4033 | D:5      | Found a shadowy altar of Dithmenos.
  4039 | D:5      | Reached skill level 8 in Long Blades
  4088 | D:5      | Found Legif's Firing Range.
  4208 | D:5      | Reached XP level 8. HP: 69/69 MP: 7/7
  4285 | D:6      | Reached skill level 5 in Shields
  4572 | D:6      | Found a stormy altar of Qazlal.
  4613 | D:6      | Reached skill level 9 in Long Blades
  4945 | D:6      | Found a white marble altar of Elyvilon.
  5347 | D:6      | Reached skill level 10 in Long Blades
  5369 | D:7      | Reached XP level 9. HP: 47/75 MP: 8/8
  6067 | D:7      | Noticed a four-headed hydra
  6080 | D:7      | Killed a four-headed hydra
  6081 | D:7      | Reached skill level 1 in Evocations
  6422 | D:7      | Found a staircase to the Ecumenical Temple.
  6524 | Temple   | Entered the Ecumenical Temple
  6539 | Temple   | Became a worshipper of Warmaster Okawaru
  6832 | D:7      | Reached skill level 11 in Long Blades
  6924 | D:7      | Reached * piety under Okawaru
  6925 | D:7      | Noticed a cyclops
  6925 | D:7      | Noticed a gargoyle
  6925 | D:7      | Noticed a two-headed ogre
  6925 | D:7      | Noticed a troll
  6925 | D:7      | Noticed a gargoyle
  6925 | D:7      | Noticed a skeletal warrior
  6935 | D:7      | Killed a two-headed ogre
  6935 | D:7      | Reached ** piety under Okawaru
  6936 | D:7      | Reached XP level 10. HP: 66/86 MP: 10/10
  6945 | D:7      | Killed a cyclops
  6950 | D:7      | Noticed a two-headed ogre
  6954 | D:7      | HP: 4/88 [gargoyle/stone arrow (20)]
  6956 | D:7      | Killed from afar by a gargoyle

Illustrated notes

Levels and vault maps discovered:
D:1:      dpeg_arrival_another_circle, layout_basic
D:2:      layout_basic, basic_altar, serial_shops, shop_statue, uniq_sigmund
D:3:      layout_basic, mainiacjoe_overflow_paths, gammafunk_ghost_cemetery,
          shapermc_ecumenical_altar_starsandcircs, glass_columns_c,
          minmay_misc_feat_five, hangedman_decor_growths, kennysheep_path_1,
          minmay_door_square
D:4:      layout_rooms, nicolae_tso_besieged_by_evil
D:5:      layout_rooms, old_standard_altar, nicolae_shop_firing_range,
          uniq_menkaure
D:6:      layout_rooms, nicolae_elyvilon_peaceful_grove, lemuel_doored_altar,
          chequers_serial_rivers_micro_c, minmay_crystal_room
D:7:      minmay_the_grid_octo_triangle [minmay_the_grid_octo_vomiting_pacman,
          minmay_the_grid_octo_prize_big_c, minmay_the_grid_octo_chip],
          layout_rooms, minmay_temple_entry_fiery
Temple:   kb_corrupted_temple

Skill      XL: |  1  2  3  4  5  6  7  8  9 |
---------------+----------------------------+-----
Fighting       | 4 5 6 7 |  7.8
Armour         | 4 5 6 7 8 |  8.8
Shields        | 4 5 6 |  6.5
Long Blades    | 3 4 5 6 8 10 11 | 11.7
Dodging        | 1 2 3 4 |  4.5
Stealth        | 1 |  1.8
Evocations     | 2 |  2.7

Action                   |  1- 3 |  4- 6 |  7- 9 | 10-12 || total
-------------------------+-------+-------+-------+-------++-------
Melee: Long sword        |    46 |   119 |   192 |    15 ||   372
       Headbutt          |     2 |    22 |    44 |     3 ||    71
Invok: Heroism           |       |       |       |     1 ||     1
Evoke: Wand              |       |       |    13 |       ||    13
  Use: Potion            |       |       |     3 |       ||     3
       Scroll            |       |       |     7 |       ||     7
Armor: Scale mail        |    22 |     3 |       |       ||    25
       Ring mail         |       |    42 |    69 |     2 ||   113
Dodge: Dodged            |    24 |    79 |   103 |     6 ||   212
Block: Buckler           |     7 |    29 |    54 |     3 ||    93
